 Dungeon Crawl Stone Soup version 0.30.0-5-g1a98f26d00 (webtiles) character file.

Game seed: 2311631172603839483

663 Aldia the Martial Artist (level 7, -5/51 HPs)
             Began as a Gnoll Wanderer on May 11, 2023.
             Slain by an ogre
             ... wielding a +0 giant club
              (21 damage)
             ... on level 4 of the Dungeon on May 12, 2023.
             The game lasted 00:10:54 (3223 turns).

Aldia the Martial Artist (Gnoll Wanderer)           Turns: 3223, Time: 00:10:54

Health: -5/51      AC:  5    Str: 10    XL:     7   Next: 56%
Magic:  11/11      EV: 11    Int: 12    God:
Gold:   320        SH:  5    Dex: 14    Spells: 6/11 levels left

rFire   . .          .
                       - Unarmed
rCold   . . .        d - +0 buckler
rNeg    . . .        f - +1 leather armour
rPois   .            y - +0 helmet
rElec   .            (no cloak)
rCorr   .            (no gloves)
SInv    .            (no boots)
Will    .....        n - amulet of regeneration
Stlth   ++           (no ring)
HPRegen 1.08/turn    (no ring)
MPRegen 0.12/turn

%: no passive effects
@: no status effects
A: fangs 1, strong nose, distributed training
a: no special abilities


You were on level 4 of the Dungeon.
You visited 1 branch of the dungeon, and saw 5 of its levels.
You also visited: Sewer.

You collected 320 gold pieces.

Inventory:

Hand Weapons
 a - a +0 hand axe
 h - a +0 war axe
Armour
 d - a +0 buckler (worn)
 f - a +1 leather armour (worn)
 y - a +0 helmet (worn)
Jewellery
 l - an amulet of magic regeneration
 n - an amulet of regeneration (around neck)
 o - a +4 ring of protection
 t - an amulet of faith
Wands
 z - a wand of flame (15)
Scrolls
 i - a scroll of immolation
 k - 3 scrolls of poison
 p - a scroll of magic mapping
 q - 2 scrolls of teleportation
 w - a scroll of fog {unknown}
 A - a scroll of fear
Potions
 b - a potion of haste
 c - 2 potions of ambrosia
 e - a potion of degeneration {unknown}
 g - a potion of heal wounds {unknown}
 j - a potion of mutation {unknown}
 m - 2 potions of lignification
 r - 2 potions of curing {unknown}
 u - a potion of resistance {unknown}
 v - a potion of cancellation {unknown}
Miscellaneous
 x - a tin of tremorstones (2/2)


   Skills:
 + Level 2.7 Fighting
 + Level 2.7 Short Blades
 + Level 2.7 Long Blades
 + Level 5.3 Axes
 + Level 2.7 Maces & Flails
 + Level 2.7 Polearms
 + Level 2.7 Staves
 + Level 2.7 Ranged Weapons
 + Level 2.7 Throwing
 + Level 3.8 Armour
 + Level 2.7 Dodging
 + Level 2.7 Stealth
 + Level 5.3 Shields
 + Level 9.0 Unarmed Combat
 + Level 2.7 Spellcasting
 + Level 2.2 Conjurations
 + Level 2.2 Hexes
 + Level 2.2 Summonings
 + Level 2.2 Necromancy
 + Level 2.2 Translocations
 + Level 2.2 Transmutations
 + Level 2.2 Fire Magic
 + Level 2.2 Ice Magic
 + Level 2.2 Air Magic
 + Level 2.2 Earth Magic
 + Level 2.2 Poison Magic
 + Level 3.0 Invocations
 + Level 3.8 Evocations


You had 6 spell levels left.
You knew the following spells:

 Your Spells              Type           Power      Damage    Failure   Level
a - Mephitic Cloud        Conj/Pois/Air  6%         N/A       50%         3
b - Wereblood             Tmut           6%         N/A       28%         2

Your spell library contained the following spells:

 Spells                   Type           Power      Damage    Failure   Level
 Shock                    Conj/Air       24%        1d4       19%         1
 Summon Small Mammal      Summ           24%        N/A       19%         1
 Poisonous Vapours        Pois/Air       12%        N/A       28%         2
 Sublimation of Blood     Necr           6%         N/A       28%         2
 Call Canine Familiar     Summ           6%         N/A       50%         3
 Ignite Poison            Fire/Tmut/Pois 6%         N/A       50%         3
 Summon Guardian Golem    Hex/Summ       6%         N/A       50%         3
 Swiftness                Air            6%         N/A       50%         3
 Airstrike                Air            3%         2d(1-17)  88%         4
 Sticky Flame             Conj/Fire      6%         2d3       88%         4
 Freezing Cloud           Conj/Ice/Air   3%         6-21      99%         5
 Summon Hydra             Summ           3%         N/A       100%        7
 Ignition                 Fire           3%         3d4       100%        8
 Chain Lightning          Conj/Air       3%         3d4       100%        9


Dungeon Overview and Level Annotations

Branches:
Dungeon (5/15)              Sewer (visited)
 Temple: D:4-7

Altars:
Gozag
Qazlal
Uskayaw
Xom

Annotations:
D:4 exclusion: phantom


Innate Abilities, Weirdness & Mutations

You have very sharp teeth.
Your uncanny sense of smell can sniff out nearby items.
Your experience applies equally to all skills.


Message History

A gnoll is nearby!
No reachable target in view!
You open the door.
Found a spear.
There is an open door here.
There is an open door here.
A kobold comes into view. It is wielding a +0 club.
The kobold shouts!
The kobold barely misses you.
You hit the kobold but do no damage. The kobold hits you but does no damage.
You punch the kobold!
You kill the kobold!
No target in view!
You open the door.
There is an open door here.
Found a stone staircase leading up.
There is an open door here.
An ogre comes into view. It is wielding a +0 giant club.
An ogre is nearby!
You barely miss the ogre.
The ogre hits you with a +0 giant club!!
You completely miss the ogre.
The ogre hits you with a +0 giant club!!
* * * LOW HITPOINT WARNING * * *
You are too injured to fight recklessly!
You are too injured to fight recklessly!
You are too injured to fight recklessly!
You are too injured to fight recklessly!
You are too injured to fight recklessly!
You hit the ogre. You bite the ogre, but do no damage.
The ogre is lightly wounded.
You barely miss the ogre.
The ogre is lightly wounded.
You block the ogre's attack.
You punch the ogre!
The ogre is heavily wounded.
You barely miss the ogre.
The ogre is heavily wounded.
The ogre hits you with a +0 giant club!!
You die...

##### '... #..<. #...
#...#.... #.... #...#####
.... +...##... ....#####
#...#.... #...<# #...#....
#....######...#....
#O@..'...#....##...
......########'....##...
≈≈≈≈≈ ......##.....#.[.
.... ≈≈≈≈.####..##...
.##### ..≈.####..##.).
#....####.≈.#..#.)#.... .≈
#.≈≈≈...#.≈.#..#..#....
.≈.#.≈_.≈≈.#.≈†#..#..#....
≈.#.≈...≈.#.≈.#.##..##...


You could see an ogre.

Vanquished Creatures
  An ogre (D:4)
  2 bullfrogs (Sewer)
  A sleepcap (D:4)
  Natasha (thrice) (D:2)
  Robin (D:3)
  9 adders
  3 gnolls (D:3)
  A worm (D:2)
  A dart slug (D:1)
  3 orcs
  7 endoplasms
  18 giant cockroaches
  4 hobgoblins
  13 jackals
  19 quokkas
  14 ball pythons
  3 bats
  7 frilled lizards
  22 goblins
  10 kobolds
  5 rats
147 creatures vanquished.

Vanquished Creatures (collateral kills)
  A kobold brigand (D:4)
  An endoplasm (D:4)
2 creatures vanquished.

Grand Total: 149 creatures vanquished

Notes
Turn   | Place    | Note
-------+----------+-------------------------------------------
     0 | D:1      | Aldia the Gnoll Wanderer began the quest for the Orb.
     0 | D:1      | Aldia set off with the following items: a +0 hand axe, a
                  | potion of haste, a scroll of blinking, a +0 buckler, a
                  | scroll of fear, a +0 leather armour.
     0 | D:1      | Reached XP level 1. HP: 13/13 MP: 1/1
    18 | D:1      | Got the Codex of the Brume
    94 | D:1      | Reached XP level 2. HP: 14/19 MP: 2/2
   204 | D:1      | Reached XP level 3. HP: 11/25 MP: 3/3
   216 | D:1      | Learned a level 3 spell: Mephitic Cloud
   319 | D:1      | Reached skill level 1 in Invocations
   699 | D:2      | Reached skill level 1 in Fighting
   699 | D:2      | Reached skill level 1 in Short Blades
   699 | D:2      | Reached skill level 1 in Long Blades
   699 | D:2      | Reached skill level 1 in Maces & Flails
   699 | D:2      | Reached skill level 1 in Polearms
   699 | D:2      | Reached skill level 1 in Staves
   699 | D:2      | Reached skill level 1 in Ranged Weapons
   699 | D:2      | Reached skill level 1 in Throwing
   699 | D:2      | Reached skill level 1 in Dodging
   699 | D:2      | Reached skill level 1 in Stealth
   699 | D:2      | Reached skill level 1 in Spellcasting
   706 | D:2      | Reached XP level 4. HP: 28/32 MP: 5/5
   735 | D:2      | Found a faded altar of an unknown god.
   886 | D:2      | Reached skill level 1 in Conjurations
   886 | D:2      | Reached skill level 1 in Hexes
   886 | D:2      | Reached skill level 1 in Summonings
   886 | D:2      | Reached skill level 1 in Necromancy
   886 | D:2      | Reached skill level 1 in Translocations
   886 | D:2      | Reached skill level 1 in Transmutations
   886 | D:2      | Reached skill level 1 in Fire Magic
   886 | D:2      | Reached skill level 1 in Ice Magic
   886 | D:2      | Reached skill level 1 in Air Magic
   886 | D:2      | Reached skill level 1 in Earth Magic
   886 | D:2      | Reached skill level 1 in Poison Magic
  1070 | D:2      | Noticed Natasha
  1081 | D:2      | Killed Natasha
  1101 | D:2      | Noticed Natasha
  1110 | D:2      | Killed Natasha
  1111 | D:2      | Reached XP level 5. HP: 34/37 MP: 5/7
  1218 | D:2      | Noticed Natasha
  1224 | D:2      | Killed Natasha
  1586 | D:3      | You fall into a shaft and drop 2 floors!
  1586 | D:5      | Entered Level 5 of the Dungeon
  1611 | D:5      | Found an opulent altar of Gozag.
  1649 | D:4      | Noticed a phantom
  1716 | D:4      | Reached XP level 6. HP: 15/44 MP: 8/8
  1867 | D:4      | Found a glowing drain.
  1876 | Sewer    | Entered a sewer
  1984 | Sewer    | Reached skill level 5 in Axes
  1984 | Sewer    | Reached skill level 5 in Shields
  2069 | Sewer    | Learned a level 2 spell: Wereblood
  2243 | Sewer    | HP: 1/44 [bullfrog (6)]
  2246 | Sewer    | Reached XP level 7. HP: 2/50 MP: 10/10
  2366 | D:3      | Noticed Robin
  2398 | D:3      | Killed Robin
  2502 | D:3      | Found a shimmering altar of Xom.
  2769 | D:4      | HP: 2/51 [ogre/+0 giant club (25)]
  2772 | D:4      | Reached skill level 9 in Unarmed Combat
  3153 | D:4      | Found a stormy altar of Qazlal.
  3156 | D:4      | Found a hide-covered altar of Uskayaw.
  3223 | D:4      | Slain by an ogre

Illustrated notes

Levels and vault maps discovered:
D:1:      shiori_arrival_oz, layout_rooms
D:2:      layout_loops_ring, shapermc_ecumenical_altar_acropolis, uniq_natasha
D:3:      layout_rooms, nicolae_overflow_crystal_walls, minmay_door_square,
          dreamdust_mushroom_princess, minmay_misc_feat_encased, uniq_robin
D:4:      layout_gridville, nicolae_overflow_squiral, gup_sewer_entry_spiral,
          minivault_26, minmay_misc_feat_hallway
D:5:      minmay_razor_zed, layout_basic, makhleb_altar_promises_db,
          mainiacjoe_overflow_alcove_2, minmay_hedge_maze, minivault_14,
          kennysheep_generic_room_5

Skill      XL: |  1  2  3  4  5  6  7 |
---------------+----------------------+-----
Invocations    | 1 2 3 |  3.0
Fighting       | 1 2 |  2.7
Short Blades   | 1 2 |  2.7
Long Blades    | 1 2 |  2.7
Maces & Flails | 1 2 |  2.7
Polearms       | 1 2 |  2.7
Staves         | 1 2 |  2.7
Ranged Weapons | 1 2 |  2.7
Throwing       | 1 2 |  2.7
Dodging        | 1 2 |  2.7
Stealth        | 1 2 |  2.7
Spellcasting   | 1 2 |  2.7
Conjurations   | 1 2 |  2.2
Hexes          | 1 2 |  2.2
Summonings     | 1 2 |  2.2
Necromancy     | 1 2 |  2.2
Translocations | 1 2 |  2.2
Transmutations | 1 2 |  2.2
Fire Magic     | 1 2 |  2.2
Ice Magic      | 1 2 |  2.2
Air Magic      | 1 2 |  2.2
Earth Magic    | 1 2 |  2.2
Poison Magic   | 1 2 |  2.2
Armour         | 3 |  3.8
Evocations     | 3 |  3.8
Axes           | 5 |  5.3
Shields        | 5 |  5.3
Unarmed Combat | 9 |  9.0

Action                     |  1- 3 |  4- 6 |  7- 9 || total
---------------------------+-------+-------+-------++-------
  Melee: Unarmed           |   116 |   294 |    99 ||   509
         Bite              |     4 |    22 |     9 ||    35
    Use: Scroll            |     2 |     7 |     3 ||    12
   Stab: Sleeping          |     2 |     3 |     3 ||     8
 Armour: Leather armour    |    40 |    76 |    26 ||   142
  Dodge: Dodged            |    43 |   148 |    36 ||   227
  Block: Buckler           |    28 |    83 |    26 ||   137
